[Event "LASS Vårturneringar 2018"]
[Site "Linköping, Sweden"]
[Date "2018.05.10"]
[Round "1.5"]
[White "Ivarsson, Simon"]
[Black "Olsson, Simon"]
[Result "0-1"]
[TimeControl "90 min + 30 sec/move + 30 min/40 moves"]
[WhiteElo "1726"]
[BlackElo "2110"]

1. e4 c5 2. Nf3 Nc6 3. d4 cxd4 4.
Nxd4 Nf6 5. Nc3 e6 6. Be2 Bb4 7. f3 d5 8. Nxc6 bxc6 9. exd5 Nxd5 10. Bd2 Nxc3 11. Bxc3 Bxc3+ 12. bxc3 Qxd1+ 13. Rxd1 Ke7 14. Kf2 e5 15. g4 Be6 16. a3 Rab8 17. Rb1 Rhd8 18. Ke3 Rb6 19. Rb4 c5 20. Rxb6 axb6 21. Rb1 Rd6 22.
h4 Kd8 23. Bb5 Kc7 24. Ra1 Rd8 25. Bd3 h6 26. Bb5 Ra8 27. Ke4 f6 28. Be2 Ra4+ 29. Ke3 Kc6 30. Kf2 Bd5 31. Ke3 b5 32.
Rb1 Rxa3 33. Bxb5+ Kc7 34. Kd2 Bxf3 35. g5 hxg5 36. hxg5 fxg5 37. Rg1 g4 38. Rg3 Kd6 39. Be2 Bxe2 40.
Kxe2 Ra4 41. Rd3+ Ke6 42. Kf2 Rf4+ 43. Kg3 Rf3+ 44. Kxg4 Rxd3 45. cxd3 e4 46. dxe4 Ke5 47. Kf3 c4 0-1

[Event "LASS Vårturneringar 2018"]
[Site "Linköping, Sweden"]
[Date "2018.05.10"]
[Round "1.6"]
[White "Karlsson, Henrik"]
[Black "Wahlund, Max"]
[Result "0-1"]
[TimeControl "90 min + 30 sec/move + 30 min/40 moves"]
[WhiteElo "1699"]
[BlackElo "2097"]

1. e4 e5 2. Nf3 Nc6 3. d4 exd4 4. Nxd4 Nf6 5. Nc3 Bb4 6. Nxc6 bxc6 7. Bd3 d5 8. exd5 cxd5 9. O-O O-O 10.
Bg5 c6 11. Ne2 h6 12. Be3 Re8 13. c3 Bd6 14. Bf4 Rb8 15. Rb1 c5 16. Bxd6 Qxd6 17. h3 Qe5 18. Ng3 Bd7 19. Qd2 Qg5 20.
Qxg5 hxg5 21. b3 g6 22. Rbe1 Kg7 23. f3 Nh5 24. Nxh5+ gxh5 25. Kf2 h4 26. Re2 Rxe2+ 27. Kxe2 Re8+ 28.
Kd2 Kf6 29. f4 Re7 30. fxg5+ Kxg5 31. Rf2 f6 32. Be2 Re5 33. Bf3 Be6 34. b4 cxb4 35. cxb4 Bf5 36. Kc3 Re3+ 37. Kd4 Rd3+ 38.
Kc5 Be4 39. a4 Rc3+ 40. Kb5 Bxf3 41. Rxf3 d4 42. Rf2 d3 43. Ka6 Rc7 44. b5 Rd7 45. Rf1 d2 46. Rd1 Kf4 47. a5 Ke3 48.
b6 axb6 49. axb6 Ke2 50. b7 Rxb7 0-1

[Event "LASS Vårturneringar 2018"]
[Site "Linköping, Sweden"]
[Date "2018.05.10"]
[Round "1.8"]
[White "Larsson, Mille"]
[Black "Bernhard, Jonathan"]
[Result "0-1"]
[TimeControl "90 min + 30 sec/move + 30 min/40 moves"]
[WhiteElo "1374"]
[BlackElo "1926"]

1. e4 Nc6 2. Nf3 e5 3. Bc4 Bc5 4. c3 Nf6 5. d3 a6 6. Bb3 d6 7. h3 h6 8. O-O O-O 9. Re1 Ba7 10.
Be3 Ne7 11. Qd2 Bxe3 12. Qxe3 Ng6 13. d4 exd4 14. cxd4 Re8 15. Nc3 Bf5 16. Bc2 Nxe4 17. Qc1 d5 18. g4 Nh4 19. Nxh4 Qxh4 20.
Nxe4 Bxe4 21. Bxe4 Rxe4 22. Rxe4 dxe4 23. Qe3 Re8 24. Kg2 Re6 25. Rc1 Rf6 26. Rc3 Rf3 27. Qe2 Qxh3+ 28. Kg1 0-1

[Event "LASS Vårturneringar 2018"]
[Site "Linköping, Sweden"]
[Date "2018.05.10"]
[Round "1.4"]
[White "Alos, Raul Toledano"]
[Black "Tiger-Norqvist, Axel"]
[Result "1/2-1/2"]
[TimeControl "90 min + 30 sec/move + 30 min/40 moves"]
[WhiteElo "1772"]
[BlackElo "2146"]

1. e4 e6 2. d4 d5 3. e5 c5 4.
c3 Nc6 5. Nf3 Qb6 6. a3 Nh6 7. b4 cxd4 8. Bxh6 gxh6 9.
cxd4 Bd7 10. Nc3 a5 11. b5 Na7 12. Qb1 a4 13. Bd3 Qa5 14. Qb2 Rc8 15. Kd2 Rg8 16. g3 h5 17. h4 Rg4 18.
Rhc1 Bh6+ 19. Ke2 Bxc1 20. Rxc1 Ke7 21. Qd2 Rxc3 22. Qxc3 Qxc3 23. Rxc3 Nxb5 24. Bxb5 Bxb5+ 25. Ke3 Re4+ 26.
Kd2 Re2+ 27. Kd1 Rxf2 28. Ng5 Bc4 29. Nxh7 b5 30. Nf6 Ra2 31. Kc1 Ra1+ 32. Kc2 b4 33. axb4 a3 34. b5 a2 35. Ra3 Rb1 36. Ra7+ Kd8 37.
b6 a1=Q 38. Rd7+ Kc8 39. Rc7+ Kb8 40. Nd7+ Ka8 41. Rc8+ Kb7 42. Rc7+ Ka8 43. Rc8+ Kb7 44. Rc7+ Ka8 45. Rc8+ 1/2-1/2

[Event "LASS Vårturneringar 2018"]
[Site "Linköping, Sweden"]
[Date "2018.05.10"]
[Round "1.7"]
[White "Sahlström, Alex"]
[Black "Amberts, Jens"]
[Result "0-1"]
[TimeControl "90 min + 30 sec/move + 30 min/40 moves"]
[WhiteElo "1463"]
[BlackElo "1942"]

1. e4 e5 2. Nf3 Nf6 3. Nxe5 d6 4. Nf3 Nxe4 5. Nc3 Nxc3 6. dxc3 Be7 7. Be3 Nc6 8. Qd2 O-O 9. O-O-O Be6 10.
Kb1 Ne5 11. Nxe5 dxe5 12. Qe2 Qe8 13. g4 Qa4 14. c4 b5 15. b3 Qa5 16. Bd2 b4 17. g5 Rad8 18. h4 Rd4 19. Bh3 Bxh3 20.
Rxh3 Rfd8 21. Re3 f6 22. gxf6 Bxf6 23. Rd3 Rxd3 24. cxd3 Qc5 25. Bg5 Bxg5 26. hxg5 Qd4 27. Qh5 g6 28.
Qh3 e4 29. Qe3 exd3 30. Qxd4 Rxd4 31. Kc1 Kf7 32. Kd2 Rg4 33. Rh1 Kg8 34. Rh3 Rxg5 35. Rxd3 Rf5 36. Ke3 h5 37. Rd7 h4 38.
Rxc7 h3 0-1

[Event "LASS Vårturneringar 2018"]
[Site "Linköping, Sweden"]
[Date "2018.05.10"]
[Round "1.2"]
[White "Qwarfort, Fredrik"]
[Black "Orci, Istvan"]
[Result "1-0"]
[TimeControl "90 min + 30 sec/move + 30 min/40 moves"]
[WhiteElo "1894"]
[BlackElo "1500"]

1. d4 Nf6 2. c4 c5 3. Nf3 cxd4 4. Nxd4 Nc6 5. Nc3 e6 6. a3 a6 7. e4 Qc7 8. Be3 Bd6 9. h3 Nxd4 10.
Bxd4 Be5 11. Be2 Bxd4 12. Qxd4 d6 13. Rd1 Ke7 14. O-O Bd7 15. Rd2 Rhd8 16. Rfd1 Be8 17. g4 h6 18. h4 Qc5 19.
Qd3 g5 20. b4 Qe5 21. Qe3 gxh4 22. f4 Nxg4 23. Bxg4 Qg7 24. Rg2 Qf6 25. f5 Bc6 26. Rf1 e5 27. b5 axb5 28. cxb5 Rxa3 29.
bxc6 Rxc3 30. Qxc3 Rc8 31. Qb4 1-0

[Event "LASS Vårturneringar 2018"]
[Site "Linköping, Sweden"]
[Date "2018.05.10"]
[Round "1.3"]
[White "Johansson, Henrik"]
[Black "Andersson, Görgen"]
[Result "0-1"]
[TimeControl "90 min + 30 sec/move + 30 min/40 moves"]
[WhiteElo "1675"]
[BlackElo "1908"]

1. d4 d5 2. Nf3 Nc6 3. e3 Bg4 4. c4 e5 5. cxd5 Qxd5 6. Nc3 Bb4 7. Be2 exd4 8. exd4 Nf6 9. O-O Bxc3 10.
bxc3 O-O 11. c4 Qf5 12. d5 Ne5 13. Nd4 Bxe2 14. Nxf5 Bxd1 15. Rxd1 Nxc4 16. Bf4 Ne8 17. Rdc1 Ncd6 18.
Nd4 Rc8 19. Rab1 Nf6 20. Kf1 Nxd5 21. Bxd6 cxd6 22. Rxc8 Rxc8 23. Rxb7 g6 24. Rxa7 Nf4 25. Ne2 Nd3 26. a4 Rb8 27.
g3 Rb2 28. a5 d5 29. a6 Ra2 30. Nc3 Ra1+ 31. Ke2 Nb4 32. Ra8+ Kg7 33. a7 d4 34. Rb8 Rxa7 35. Rxb4 dxc3 36.
Rc4 Ra2+ 37. Ke3 c2 38. h4 f5 39. f3 Ra3+ 40. Kf4 Ra4 0-1

[ePGN "0.1;DGT LiveChess/2.1"]

[Event "LASS Vårturneringar 2018"]
[Site "Linköping, Sweden"]
[Date "2018.05.10"]
[Round "2.7"]
[White "Tiger-Norqvist, Axel"]
[Black "Ivarsson, Simon"]
[Result "1-0"]
[TimeControl "90 min + 30 sec/move + 30 min/40 moves"]
[WhiteElo "2146"]
[BlackElo "1726"]

1. e4 c5 2. Nc3 Nc6 3. f4 g6 4. Nf3 Bg7 5. Bb5 d6 6. Bxc6+ bxc6 7. O-O Nf6 8. d3 O-O 9. Qe1 Bg4 10.
Qh4 Bxf3 11. Rxf3 Qd7 12. f5 Rab8 13. g4 Rb7 14. Ne2 h5 15. h3 a5 16. Ng3 Nxg4 17. hxg4 Bf6 18. g5 Bxb2 19.
Bxb2 Rxb2 20. Nxh5 Qb7 21. Nf6+ exf6 22. Rh3 Rb1+ 23. Kg2 1-0

[Event "LASS Vårturneringar 2018"]
[Site "Linköping, Sweden"]
[Date "2018.05.10"]
[Round "2.6"]
[White "Amberts, Jens"]
[Black "Knutsson, Håkan"]
[Result "1-0"]
[TimeControl "90 min + 30 sec/move + 30 min/40 moves"]
[WhiteElo "1942"]
[BlackElo "1865"]

1. e4 c5 2. d4 cxd4 3. c3 Nf6 4. e5 Nd5 5. Nf3 e6 6.
cxd4 d6 7. a3 Bd7 8. Bd3 Bc6 9. O-O Nd7 10. Nbd2 Be7 11. Re1 O-O 12. Nc4 dxe5 13. Ncxe5 Rc8 14. Nxc6 Rxc6 15. Bd2 N7f6 16.
Ne5 Rc7 17. Qf3 Nb6 18. Bf4 Bd6 19. Rad1 Nfd5 20. Bg3 Nc8 21. Re4 Nce7 22. Nc4 Bxg3 23. hxg3 Nf6 24. Rh4 Ng6 25. Bxg6 fxg6 26.
Ne3 Nd5 27. Qe4 Qd6 28. Nxd5 Qxd5 29. Qe2 Rfc8 30. Re4 Rc2 31. Qg4 Rxb2 32. Rxe6 Qf5 33. Qxf5 gxf5 34. Re5 g6 35. Re7 Rcc2 36.
Rf1 Rd2 37. Rc1 Rbc2 38. Rxc2 Rxc2 39. Rxb7 Rc1+ 40. Kh2 a6 41. Rb6 Rd1 42. Rxa6 Rxd4 43. Ra7 Kf8 44. a4 Ke8 45. a5 Ra4 46.
a6 Kf8 47. f3 Kg8 48. Kg1 Ra2 49. Kh2 Ra4 50. Kg1 Ra2 51. Kf1 g5 52. Ke1 h5 53. Kd1 h4 54. gxh4 gxh4 55. Ra8+ Kg7 56. a7 Kh7 57. Ke1 Kg7 58.
Kf1 Kf7 59. Rh8 1-0

[Event "LASS Vårturneringar 2018"]
[Site "Linköping, Sweden"]
[Date "2018.05.10"]
[Round "2.5"]
[White "Wahlund, Max"]
[Black "Garner, Mårten"]
[Result "1-0"]
[TimeControl "90 min + 30 sec/move + 30 min/40 moves"]
[WhiteElo "2097"]
[BlackElo "1872"]

1. e4 e6 2. Nf3 d5 3. Nc3 Nf6 4. Bd3 c5 5. b3 Nc6 6. O-O a6 7. exd5 exd5 8. Re1+ Be7 9. Bb2 O-O 10.
h3 b5 11. a4 b4 12. Ne2 Qc7 13. Ng3 d4 14. c3 Rd8 15. cxd4 cxd4 16. Rc1 Be6 17. Nxd4 Rxd4 18. Bxd4 Qd7 19.
Bxf6 Bxf6 20. Be4 Rc8 21. Qh5 h6 22. Bf5 Ne5 23. Bxe6 Qxe6 24. Rxc8+ Qxc8 25. Rxe5 Qc1+ 26. Nf1 Bxe5 27.
Qxe5 Qa3 28. Qe8+ Kh7 29. Qxf7 1-0

[Event "LASS Vårturneringar 2018"]
[Site "Linköping, Sweden"]
[Date "2018.05.10"]
[Round "2.1"]
[White "Nörager, Mattias"]
[Black "Qwarfort, Fredrik"]
[Result "0-1"]
[TimeControl "90 min + 30 sec/move + 30 min/40 moves"]
[WhiteElo "1706"]
[BlackElo "1894"]

1. e4 d6 2. d4 Nf6 3. Bd3 g6 4. Nf3 Bg7 5. c4 O-O 6. Nc3 c5 7. dxc5 dxc5 8. Be3 Qa5 9. Qa4 Qb6 10.
Rb1 Rd8 11. Bc2 Bd7 12. Qa3 Na6 13. O-O Nb4 14. Ba4 e6 15. Bxd7 Nxd7 16. Na4 Qc6 17. Bxc5 Nxc5 0-1

[Event "LASS Vårturneringar 2018"]
[Site "Linköping, Sweden"]
[Date "2018.05.10"]
[Round "2.8"]
[White "Alos, Raul Toledano"]
[Black "Karlsson, Henrik"]
[Result "1-0"]
[TimeControl "90 min + 30 sec/move + 30 min/40 moves"]
[WhiteElo "1772"]
[BlackElo "1699"]

1. e4 e6 2. d4 d5 3. e5 c5 4. c3 Nc6 5. Nf3 Bd7 6. a3 f6 7. Bd3 Qc7 8. Qe2 c4 9. Bc2 O-O-O 10. b3 cxb3 11. Bxb3 Na5 12. Bc2 f5 13. O-O Be7 14. Bd3 Nh6 15. Bxh6 gxh6 16. Nbd2 Rhg8 17. c4 Bc6 18. Rfc1 dxc4 19.
Bxc4 Nxc4 20. Qxc4 Qd7 21. Ne1 Bg5 22. Rc2 Qxd4 23. Qxe6+ Kb8 24. Rb1 Bxd2 25. Qxc6 Rg7 26. Nf3 Qd3 27.
Nxd2 Qe2 28. Nf1 Qg4 29. Rcb2 Rdd7 30. Ne3 Qf4 1-0

[Event "LASS Vårturneringar 2018"]
[Site "Linköping, Sweden"]
[Date "2018.05.10"]
[Round "2.4"]
[White "Olsson, Simon"]
[Black "Bernhard, Jonathan"]
[Result "1/2-1/2"]
[TimeControl "90 min + 30 sec/move + 30 min/40 moves"]
[WhiteElo "2110"]
[BlackElo "1926"]

1. d4 e6 2. c4 Nf6 3. Nc3 d5 4. Bg5 c6 5. e3 Nbd7 6. cxd5 exd5 7. Bd3 Be7 8. Nge2 O-O 9. Qc2 Re8 10.
O-O-O b5 11. Ng3 h6 12. Bxf6 Bxf6 13. Kb1 Nb6 14. Bf5 Nc4 15. e4 dxe4 16. Bxe4 Qb6 17. d5 Bb7 18. Nh5 cxd5 19.
Nxf6+ Qxf6 20. Bxd5 Rab8 21. Bxc4 bxc4 22. f3 Bc6 23. Rhe1 Re7 24. Rxe7 Qxe7 25. Qd2 Qb4 26. Kc1 a5 27.
Qe2 a4 28. a3 Qc5 29. Qd2 Re8 30. Qd4 Qg5+ 31. Qd2 Qe5 32. h3 Re7 33. Qd4 Qg5+ 34. Qd2 Re3 35. Qd8+ Kh7 36. Qxg5 hxg5 37.
Kd2 Rd3+ 38. Ke2 Rxd1 39. Nxd1 f5 40. Ke3 Kg6 41. g3 g4 42. hxg4 fxg4 43. f4 Kf6 44. Kd4 Bf3 45. Nc3 Bc6 46.
Kc5 Be8 47. Kxc4 Kf5 48. Kb4 Bc6 49. b3 axb3 50. Kxb3 Ke6 51. Kc4 Kd6 52. Kd4 Bf3 53. Ne4+ Kc6 54. Ke5 Kb5 55. Nf2 Ka4 56.
Kf5 Kxa3 57. Nxg4 Kb4 58. Ne5 Bh5 59. g4 Be8 60. Ke6 Kc5 61. Ke7 Bb5 62. Kf7 Kd4 63. Kxg7 Ke4 64. Ng6 Be2 65.
g5 Kf5 66. Kh6 Bb5 67. Ne7+ Kxf4 68. g6 Bc4 69. Nc8 Ke5 70. Kg5 Bd3 71. g7 Bh7 72. Kh6 Bg8 73. Ne7 Ba2 74. Kg6 Bb1+ 75.
Kg5 Ba2 76. Ng6+ Kd6 77. Kf6 Kd7 78. Nf8+ Kd6 79. Ng6 Kd7 80. Ne5+ Ke8 81. Nc6 Kd7 82. Ne7 Kd6 83. g8=Q Bxg8 84. Nxg8 1/2-1/2

[Event "LASS Vårturneringar 2018"]
[Site "Linköping, Sweden"]
[Date "2018.05.10"]
[Round "2.3"]
[White "Orci, Istvan"]
[Black "Johansson, Henrik"]
[Result "0-1"]
[TimeControl "90 min + 30 sec/move + 30 min/40 moves"]
[WhiteElo "1500"]
[BlackElo "1675"]

1. e4 d5 2. exd5 Nf6 3. d4 Bg4 4. Be2 Bxe2 5. Qxe2 Qxd5 6. Nf3 Nc6 7. c3 O-O-O 8. O-O e5 9. c4 Nxd4 10.
Nxd4 Qxd4 11. Nc3 Bb4 12. Nb5 Qe4 13. Qxe4 Nxe4 14. Nxa7+ Kb8 15. Be3 c6 16. a3 Bc5 17. Rfe1 Kxa7 18.
Bxc5+ Nxc5 19. Rxe5 Ne6 20. Re2 Rd4 21. Rc1 Rhd8 22. g3 Rd2 23. Rc2 Rxc2 24. Rxc2 Nd4 0-1

[ePGN "0.1;DGT LiveChess/2.1"]

[Event "LASS Vårturneringar 2018"]
[Site "Linköping, Sweden"]
[Date "2018.05.11"]
[Round "3.1"]
[White "Olsson, Magnus"]
[Black "Andersson, Görgen"]
[Result "1/2-1/2"]
[TimeControl "90 min + 30 sec/move + 30 min/40 moves"]
[WhiteElo "1677"]
[BlackElo "1908"]

1. c4 e5 2. Nc3 Nc6 3. Nf3 f5 4. d4 e4 5. Ng5 Nf6 6. e3 Bb4 7. Bd2 d6 8. Be2 O-O 9. Qc2 a5 10.
Nh3 d5 11. Nf4 Ne7 12. Rc1 c6 13. cxd5 Bxc3 14. Bxc3 Nfxd5 15. Nxd5 Nxd5 16. Bd2 Qg5 17. g3 Be6 18. O-O Nb4 19.
Bxb4 axb4 20. Bc4 Qe7 21. Bxe6+ Qxe6 22. Qc4 Qxc4 23. Rxc4 Rxa2 24. Rxb4 b5 25. Rc1 Ra6 26. Rb3 Rd8 27. Rbc3 Rd6 28. h4 Kf7 29. Rc5 g6 30.
Kf1 Ke6 31. Ke2 Kd7 32. f4 Ra2 33. R1c2 Ra1 34. Rc1 Ra2 35. R1c2 Ra1 36. Rc1 Rxc1 37. Rxc1 Ke6 38. Rc5 Kd7 39.
Kd2 Kc7 40. Kc3 Kb6 41. Kb4 Rd7 42. Rc3 Ra7 43. Rc1 Ra4+ 44. Kb3 h6 45. Rg1 Kc7 46. Rc1 Kd6 47. Rd1 Kd5 48. Rc1 Kd6 49.
Rd1 Rc4 50. Ra1 Ke6 51. Rd1 Kf6 52. Rh1 Kf7 53. Ra1 Ke6 54. Rd1 Kf7 55. Ra1 Kf6 56. Rh1 Kg7 57. Ra1 Kf6 1/2-1/2

[Event "LASS Vårturneringar 2018"]
[Site "Linköping, Sweden"]
[Date "2018.05.11"]
[Round "3.4"]
[White "Amberts, Jens"]
[Black "Wahlund, Max"]
[Result "0-1"]
[TimeControl "90 min + 30 sec/move + 30 min/40 moves"]
[WhiteElo "1942"]
[BlackElo "2097"]

1. e4 e6 2. d4 d5 3. exd5 exd5 4. Bd3 Bd6 5. Nf3 Nc6 6. O-O Bg4 7. c3 Qd7 8. Re1+ Nge7 9. Nbd2 O-O-O 10. b4 Rde8 11. a4 Ng6 12. Rxe8+ Rxe8 13. a5 Nf4 14. Bf1 Qf5 15. b5 Nd8 16. c4 dxc4 17. Nxc4 Nh3+ 18. gxh3 Bxf3 19.
Nxd6+ cxd6 20. Qd3 Qxd3 21. Bxd3 Re1+ 22. Bf1 Be2 23. Bb2 Rxa1 24. Bxa1 Bxf1 25. Kxf1 d5 26. Ke2 a6 27. bxa6 bxa6 28.
Kf3 Kd7 29. Kf4 Ke6 30. Bc3 Nc6 31. h4 h5 32. Kg5 g6 33. h3 Ne7 34. Bb4 f6+ 35. Kh6 Nc6 36. Bc5 Kf7 37. Bb6 Ne7 0-1

[Event "LASS Vårturneringar 2018"]
[Site "Linköping, Sweden"]
[Date "2018.05.11"]
[Round "3.7"]
[White "Garner, Mårten"]
[Black "Larsson, Mille"]
[Result "1-0"]
[TimeControl "90 min + 30 sec/move + 30 min/40 moves"]
[WhiteElo "1872"]
[BlackElo "1374"]

1. d4 Nf6 2. c4 e6 3. Nc3 c5 4. d5 d6 5. e4 Nbd7 6. Nge2 Ne5 7. Ng3 Qb6 8. f4 Ng6 9. Bd3 Bd7 10.
Qc2 Be7 11. O-O Ng4 12. Qe2 Nh6 13. Be3 O-O-O 14. a3 Rdf8 15. b4 f5 16. bxc5 dxc5 17. e5 Ng4 18. dxe6 Bxe6 19. Nd5 Qc6 20.
Nxf5 Qd7 21. Nfxe7+ Nxe7 22.
Bxc5 Rf7 23. Nxe7+ 1-0

[Event "LASS Vårturneringar 2018"]
[Site "Linköping, Sweden"]
[Date "2018.05.11"]
[Round "3.8"]
[White "Knutsson, Håkan"]
[Black "Sahlström, Alex"]
[Result "1-0"]
[TimeControl "90 min + 30 sec/move + 30 min/40 moves"]
[WhiteElo "1865"]
[BlackElo "1463"]

1. e4 c5 2. Nf3 d6 3. d4 cxd4 4. Nxd4 Nf6 5. Nc3 g6 6. Be3 Bg7 7. f3 O-O 8. Qd2 Nc6 9. O-O-O d5 10.
exd5 Nxd5 11. Nxc6 bxc6 12. Bd4 e5 13. Bc5 Re8 14. Nxd5 cxd5 15. Qxd5 Qxd5 16. Rxd5 Be6 17. Rd1 Rec8 18.
Be3 Bxa2 19. Ba6 Rc7 20. Rd3 Rb8 21. Rhd1 Bf6 22. Rd7 Rxd7 23. Rxd7 Be6 24. Rxa7 e4 25. c3 exf3 26. gxf3 Bb3 27.
Rb7 Re8 28. Kd2 Bd5 29. Rb6 Bd8 30. Rb8 Kg7 31. Bb5 Rf8 32. Ke2 Bc7 33. Bh6+ Kxh6 34. Rxf8 Bxh2 35. c4 Be6 36. Ra8 Kg5 37.
c5 Bd5 38. Ra3 h5 39. Rd3 Be6 40. Kf2 h4 41. Bd7 Bc4 42. Rc3 Bd5 43. c6 Bc7 44. Rd3 Bc4 45. Rd1 f5 46. Be8 Bb6+ 47.
Kg2 Be2 48. Re1 h3+ 49. Kg3 f4+ 50. Kxh3 Bxf3 51. Bd7 Bd5 52. Re5+ 1-0

[Event "LASS Vårturneringar 2018"]
[Site "Linköping, Sweden"]
[Date "2018.05.11"]
[Round "3.5"]
[White "Olsson, Simon"]
[Black "Alos, Raul Toledano"]
[Result "1-0"]
[TimeControl "90 min + 30 sec/move + 30 min/40 moves"]
[WhiteElo "2110"]
[BlackElo "1772"]

1. d4 Nf6 2. Bg5 d5 3. Bxf6 gxf6 4. c4 Nc6 5. e3 Bf5 6. Nc3 dxc4 7. Bxc4 e6 8. Nge2 e5 9. Qb3 Qd7 10.
Bxf7+ Qxf7 11. Qxb7 Rb8 12. Qxc6+ Kd8 13. O-O-O e4 14. Ng3 Bd7 15. Qxe4 Bb4 16. d5 Re8 17. Qd3 f5 18. Nge2 Kc8 19.
a3 Ba5 1-0

[Event "LASS Vårturneringar 2018"]
[Site "Linköping, Sweden"]
[Date "2018.05.11"]
[Round "3.2"]
[White "Johansson, Henrik"]
[Black "Nörager, Mattias"]
[Result "1-0"]
[TimeControl "90 min + 30 sec/move + 30 min/40 moves"]
[WhiteElo "1675"]
[BlackElo "1706"]

1. d4 c5 2. Nf3 f5 3. Bf4 cxd4 4. Bxb8 Rxb8 5. Nxd4 Qb6 6. Nc3 e6 7. e4 Qxb2 8. Na4 Bb4+ 9. Ke2 Qa3 10.
c3 Bxc3 11. Nb5 Qb4 12. Naxc3 a6 13. Nd6+ Ke7 14. Nxf5+ Kf7 15. Nd6+ Ke7 16. Qd2 Qxd6 17. Qg5+ Kf7 18. Rd1 Qc7 19.
Rd3 d6 20. Kd2 Nf6 21. Be2 Qxc3+ 22. Rxc3 Nxe4+ 23. Ke3 Nxg5 24. h4 Kf6 25. hxg5+ Kxg5 26. Rc7 g6 27. f4+ Kf6 28. g4 e5 29.
g5+ Kf5 30. Rf7+ Ke6 31. Bc4+ d5 32. Rf6+ Kd7 33. Rd1 d4+ 34. Ke4 b5 35. Be6+ Ke7 36. Kxe5 Bxe6 37. Rxe6+ Kf7 38. Rxd4 Rhe8 39.
Rd7+ Kg8 40. Rde7 Rxe7 41. Rxe7 b4 42. Kf6 a5 43. Ra7 Rf8+ 44. Ke5 Rf5+ 45. Ke4 Rb5 46. Ra8+ Kf7 47. Ra7+ Ke6 48.
Rxh7 b3 49. axb3 Rxb3 50. Rg7 Rb4+ 51. Kf3 Rb3+ 52. Kg4 a4 53. Rxg6+ Kf7 54. Ra6 Rb4 55. g6+ Ke7 56. Kg5 Kd7 57.
f5 1-0

[Event "LASS Vårturneringar 2018"]
[Site "Linköping, Sweden"]
[Date "2018.05.11"]
[Round "3.6"]
[White "Bernhard, Jonathan"]
[Black "Tiger-Norqvist, Axel"]
[Result "0-1"]
[TimeControl "90 min + 30 sec/move + 30 min/40 moves"]
[WhiteElo "1926"]
[BlackElo "2146"]

1. Nf3 Nf6 2. c4 g6 3. Nc3 Bg7 4. e4 d6 5. d4 O-O 6. h3 e5 7. Be3 exd4 8. Nxd4 Nc6 9. g4 Re8 10.
Bg2 Nxd4 11. Bxd4 Be6 12. Qb3 Nxe4 13. Nxe4 Bxd4 14. O-O-O Be5 15. Kb1 Qe7 16. f4 Bxf4 17. Rhf1 Be5 18.
Rd5 Bxd5 19. cxd5 c5 20. g5 h5 21. a3 b5 22. Qd1 b4 23. a4 b3 24. Qd2 Qd7 25. Rf4 Bxf4 26. Qxf4 Rxe4 27.
Bxe4 Qxa4 0-1

[ePGN "0.1;DGT LiveChess/2.1"]

[Event "LASS Vårturneringar 2018"]
[Site "Linköping, Sweden"]
[Date "2018.05.11"]
[Round "4.2"]
[White "Orci, Istvan"]
[Black "Olsson, Magnus"]
[Result "1/2-1/2"]
[TimeControl "90 min + 30 sec/move + 30 min/40 moves"]
[WhiteElo "1500"]
[BlackElo "1677"]

1. d4 d5 2. Nf3 Nf6 3. e3 c5 4. b3 e6 5. Bd3 Nc6 6. c3 b6 7. Nbd2 cxd4 8. cxd4 Bd6 9. Bb5 Bd7 10.
Bxc6 Bxc6 11. O-O Rc8 12. Bb2 O-O 13. a4 Bb7 14. Rc1 Qe7 15. Rxc8 Rxc8 16. Qa1 a5 17. Rc1 Rc7 18. Rxc7 Qxc7 19.
Qc1 Kf8 1/2-1/2

[Event "LASS Vårturneringar 2018"]
[Site "Linköping, Sweden"]
[Date "2018.05.11"]
[Round "4.4"]
[White "Wahlund, Max"]
[Black "Tiger-Norqvist, Axel"]
[Result "0-1"]
[TimeControl "90 min + 30 sec/move + 30 min/40 moves"]
[WhiteElo "2097"]
[BlackElo "2146"]

1. d4 Nf6 2. c4 g6 3. Nc3 Bg7 4. e4 d6 5. Nf3 O-O 6. Be2 e5 7. dxe5 dxe5 8. Qxd8 Rxd8 9. Bg5 Re8 10.
O-O-O h6 11. Bxf6 Bxf6 12. Nb5 Na6 13. a3 Be7 14. Kc2 c6 15. Nd6 Bxd6 16. Rxd6 Nc5 17. Bd3 Bg4 18. Ne1 Rad8 19.
Rxd8 Rxd8 20. f3 Bc8 21. b4 Ne6 22. c5 Nd4+ 23. Kc3 b5 24. cxb6 axb6 25. Nc2 Ne6 26. g3 Ng5 27. Rf1 Rxd3+ 0-1

[Event "LASS Vårturneringar 2018"]
[Site "Linköping, Sweden"]
[Date "2018.05.11"]
[Round "4.5"]
[White "Garner, Mårten"]
[Black "Olsson, Simon"]
[Result "1-0"]
[TimeControl "90 min + 30 sec/move + 30 min/40 moves"]
[WhiteElo "1872"]
[BlackElo "2110"]

1. d4 Nf6 2. c4 Nc6 3. Nc3 e5 4. d5 Ne7 5. e4 Ng6 6. Nge2 Bc5 7. f3 c6 8. a3 cxd5 9. exd5 e4 10.
Nxe4 Nxe4 11. fxe4 Qf6 12. Qd3 Bf2+ 13. Kd1 Ne5 14. Qc3 d6 15. h3 b5 16. Bf4 bxc4 17. Bxe5 dxe5 18. Qxc4 Bd7 19.
Nc3 Rc8 20. Qa6 Qd8 21. Bb5 O-O 22. Rc1 Bxb5 23. Qxb5 Qg5 24. g4 Bd4 25. Qd3 Rc7 26. Rh2 Rfc8 27. Rcc2 h5 28. Qf3 Bxc3 29.
Rxc3 Rxc3 30. bxc3 Qe7 31. gxh5 Qxa3 32. Rc2 Rc4 33. h6 gxh6 34. Qg3+ Kh7 35. Qxe5 Qa1+ 36. Kd2 Qf1 37. Qf5 Qxf5 38.
exf5 Kg7 39. Kd3 Rf4 40. c4 Kf6 41. c5 Rxf5 42. Ke4 Re5+ 43. Kd4 Re8 44. Rf2+ Ke7 45. Ra2 Ra8 46. Ra6 h5 47. Ke5 1-0

[Event "LASS Vårturneringar 2018"]
[Site "Linköping, Sweden"]
[Date "2018.05.11"]
[Round "4.6"]
[White "Knutsson, Håkan"]
[Black "Bernhard, Jonathan"]
[Result "0-1"]
[TimeControl "90 min + 30 sec/move + 30 min/40 moves"]
[WhiteElo "1865"]
[BlackElo "1926"]

1. e4 Nc6 2. Nf3 e5 3. Bb5 f5 4. Nc3 fxe4 5. Nxe4 Nf6 6. d3 d5 7. Ng3 Bd6 8. c4 O-O 9. Bg5 Bg4 10.
h3 Bxf3 11. Qxf3 Nd4 12. Qd1 c6 13. Ba4 Qa5+ 14. Bd2 Bb4 15. Bc2 Bxd2+ 16. Kf1 0-1

[Event "LASS Vårturneringar 2018"]
[Site "Linköping, Sweden"]
[Date "2018.05.11"]
[Round "4.7"]
[White "Alos, Raul Toledano"]
[Black "Larsson, Mille"]
[Result "1-0"]
[TimeControl "90 min + 30 sec/move + 30 min/40 moves"]
[WhiteElo "1772"]
[BlackElo "1374"]

1. e4 e6 2. d4 d5 3. e5 c5 4. c3 Nc6 5. Nf3 Qb6 6. a3 Nge7 7. Bd3 Bd7 8. Bc2 a5 9. dxc5 Qc7 10.
Bf4 Ng6 11. Bxg6 fxg6 12. Nbd2 Bxc5 13. b4 O-O 14. Bg3 Be7 15. O-O b5 16. Nb3 Qb6 17. Qd2 a4 18. Nbd4 Bd8 19. Rfe1 Ne7 20.
Bh4 Rc8 21. Bxe7 Bxe7 22. Ne2 Qc7 23. Rac1 Qc4 24. Nfd4 h6 25. Rf1 Rf7 26. Qc2 Kh7 27. g3 Rcf8 28. h4 h5 29. Qd2 Qc7 30.
f4 Qd8 31. Nf3 1-0

[Event "LASS Vårturneringar 2018"]
[Site "Linköping, Sweden"]
[Date "2018.05.11"]
[Round "4.1"]
[White "Qwarfort, Fredrik"]
[Black "Johansson, Henrik"]
[Result "0-1"]
[TimeControl "90 min + 30 sec/move + 30 min/40 moves"]
[WhiteElo "1894"]
[BlackElo "1675"]

1. d4 g6 2. c4 Bg7 3. Nf3 c5 4. Nc3 cxd4 5. Nxd4 Nc6 6. Nb3 Bxc3+ 7. bxc3 Nf6 8. Bh6 Rg8 9. Bf4 d6 10.
f3 Be6 11. e4 Nh5 12. Be3 Ne5 13. Nd4 Bd7 14. Qb3 Qc7 15. Nb5 Bxb5 16. cxb5 Rc8 17. Rc1 b6 18. Kd2 Nc4+ 19. Bxc4 Qxc4 20.
Qxc4 Rxc4 21. Kd3 Ra4 22. Rc2 Kd7 23. Bd2 f5 24. exf5 gxf5 25. g3 Nf6 26. c4 Rc8 27. Rhc1 e5 28.
Bg5 Ne8 29. Bd2 Nf6 30. Rb2 Ra3+ 31. Rc3 Ra4 32. Rc1 Ra3+ 33. Rc3 Ra4 34. Rcc2 Ra3+ 35. Ke2 e4 36. fxe4 fxe4 37. Bf4 Ke6 38.
Rb3 Rxb3 39. axb3 Nh5 40. Bd2 Kf5 41. Ke3 d5 42. Kd4 dxc4 43. bxc4 Rd8+ 44. Ke3 Rd3+ 45. Ke2 Kg4 46. Ra2 Kh3 47.
Rxa7 Nf6 48. Rf7 Rf3 49. Bf4 Ng4 50. Rxh7 Kg2 51. h4 Rf2+ 52. Ke1 Rf1+ 53. Kd2 Rf2+ 54. Kc3 e3 55. Re7 e2 56.
Kd3 Kf1 57. Bd2 Rf3+ 58. Kd4 Nf2 59. Re3 Rf8 60. Re6 Rd8+ 61. Kc3 Rd3+ 62. Kc2 Rxg3 63. h5 Rg4 64. Kb3 Ne4 65. Bb4 e1=Q 66.
Bxe1 Nc5+ 67. Kb4 Nxe6 68. Bd2 Rh4 69. Be3 Nd4 70. Bxd4 Rxd4 71. h6 Rh4 72. h7 Ke2 73. Kc3 Rxh7 74.
c5 Rc7 75. c6 Ke3 76. Kd4+ 0-1